Oilers vs Sharks
(R1)
Created - November 21, 2024 at 20:41
Goals
|
| Oilers |
1 |
2 |
1 |
4 |
| Sharks |
3 |
0 |
2 |
5 |
|
Shots
|
| Oilers |
6 |
11 |
11 |
28 |
| Sharks |
11 |
2 |
11 |
24 |
|
1st period
1. Sharks , Andreas Martinsen 2 (Oscar Sundqvist 3, Steven Stamkos 12) at 3:43
2. Oilers , Mitch Marner 6 (Connor McDavid 10) at 12:06 (PP)
3. Sharks , Boone Jenner 5 (Wayne Simmonds 6) at 18:45
4. Sharks , Steven Stamkos 10 (Drew Doughty 8, Conor Sheary 8) at 19:29
Penalties :
Jeremy Morin (S.J) for Cross-checking (Minor) at 12:02, Oscar Sundqvist (S.J) for Boarding (Minor) at 13:05
2nd period
5. Oilers , Leon Draisaitl 9 (Jamie McBain 8, Tyler Johnson 10) at 7:25
6. Oilers , Mitch Marner 7 (Jamie Benn 7, Connor McDavid 11) at 12:14 (PP)
Penalties :
Markus Nutivaara (S.J) for Interference (Minor) at 0:40, Ronalds Kenins (S.J) for Kneeing (Minor) at 11:53, Boone Jenner (S.J) for High sticking (Minor) at 15:10
3rd period
7. Sharks , Beau Bennett 3 (Drew Doughty 9, Andreas Martinsen 3) at 4:12
8. Sharks , Steven Stamkos 11 (Conor Sheary 9) at 9:43 (PP)
9. Oilers , Connor McDavid 8 (Mitch Marner 10, Jamie Benn 8) at 10:29 (PP)
Penalties :
Conor Sheary (S.J) for Tripping (Minor) at 1:17, Mike Lundin (S.J) for Elbowing (Minor) at 6:08, Brett Lernout (Edm) for Holding Stick (Minor) at 9:21, Mike Lundin (S.J) for Slashing (Minor) at 10:17, Greg Stewart (Edm) for Interference (Minor) at 14:32
Goalie Stats
Jaroslav Halak (Edm), 4 saves from 4 shots - (1.000), 9:17 minutes
Carter Hart (Edm), 15 saves from 20 shots - (0.750), L, 6-4-1, 49:43 minutes
Philipp Grubauer (S.J), 24 saves from 28 shots - (0.857), W, 10-2-1, 60:00 minutes
Players Stats for Oilers
Player Name G A P +/- PIM S H SB GA TA FO MP PP MP PK MP
------------------------------------------------------------------------------------
Adam Gaudette 0 0 0 -1 0 1 2 0 0 0 0/0 18:15 4:22 0:00
Andrew Mangiapane 0 0 0 -1 0 2 3 0 0 0 0/0 12:04 0:00 0:00
Brent Burns 0 0 0 -1 0 0 0 2 0 1 0/0 16:02 4:49 0:00
Brent Seabrook 0 0 0 0 0 0 1 0 0 0 0/0 24:38 5:31 0:15
Brett Lernout 0 0 0 -1 2 0 0 0 0 0 0/0 10:51 0:14 0:00
Christian Fischer 0 0 0 -1 0 1 0 0 0 0 0/0 6:07 0:00 0:00
Connor McDavid 1 2 3 0 0 4 3 2 1 0 12/21 20:30 6:10 0:00
Darnell Nurse 0 0 0 -2 0 2 1 2 1 0 0/0 19:27 0:00 2:06
Frederik Gauthier 0 0 0 -1 0 1 0 1 2 0 5/7 12:04 0:00 0:00
Greg Stewart 0 0 0 -1 2 0 1 1 0 0 0/0 13:33 0:15 0:00
Jamie Benn 0 2 2 -1 0 0 1 0 1 0 0/0 12:13 5:55 0:32
Jamie McBain 0 1 1 -1 0 3 4 1 1 0 0/0 29:45 4:20 2:06
Jason Robertson 0 0 0 0 0 0 2 0 0 0 1/3 12:56 0:00 0:00
Leon Draisaitl 1 0 1 -1 0 3 1 1 0 1 1/1 22:00 4:22 1:49
Marcus Pettersson 0 0 0 -1 0 1 1 0 0 1 0/0 19:16 6:10 0:15
Mitch Marner 2 1 3 0 0 4 3 1 0 0 1/2 20:30 6:10 0:00
Noel Acciari 0 0 0 -1 0 0 1 0 0 0 0/2 6:39 0:00 0:32
Tyler Johnson 0 1 1 -1 0 6 2 0 1 0 11/27 20:47 4:22 1:49
Players Stats for Sharks
Player Name G A P +/- PIM S H SB GA TA FO MP PP MP PK MP
------------------------------------------------------------------------------------
Andreas Martinsen 1 1 2 2 0 4 1 0 0 0 0/0 12:50 0:00 1:21
Beau Bennett 1 0 1 2 0 2 0 0 1 0 0/0 10:25 0:00 0:00
Boone Jenner 1 0 1 1 2 3 1 1 0 1 6/13 16:36 0:52 3:00
Brendan Gaunce 0 0 0 0 0 0 1 0 0 1 0/0 8:01 0:00 0:53
Connor Murphy 0 0 0 1 0 0 3 2 1 0 0/0 20:39 0:56 4:40
Conor Sheary 0 2 2 0 2 3 1 0 0 0 2/4 18:47 1:29 0:00
Drew Doughty 0 2 2 2 0 3 2 1 0 1 0/0 30:18 1:25 6:35
Jeremy Morin 0 0 0 0 2 0 0 0 0 0 0/0 6:38 0:00 0:00
Logan Stanley 0 0 0 0 0 0 1 0 0 0 0/0 11:35 0:00 1:39
MacKenzie Weegar 0 0 0 0 0 1 1 1 0 0 0/0 10:06 0:00 0:00
Markus Nutivaara 0 0 0 1 2 1 0 2 0 0 0/0 18:47 0:56 3:07
Mike Lundin 0 0 0 2 4 0 2 1 0 1 0/0 29:11 1:25 5:03
Oscar Sundqvist 0 1 1 2 2 1 3 0 0 1 3/4 10:56 0:00 0:07
Ronalds Kenins 0 0 0 0 2 1 1 0 0 2 1/2 24:00 1:29 5:43
Steven Stamkos 2 1 3 0 0 4 0 2 0 0 20/40 24:23 1:29 6:05
Vince Hinostroza 0 0 0 0 0 0 0 0 0 0 0/0 6:39 0:00 0:00
Wayne Simmonds 0 1 1 1 0 0 5 0 1 0 0/0 12:32 0:52 0:00
Zach Parise 0 0 0 1 0 1 2 0 0 0 0/0 16:57 0:52 3:55
3 Stars
1 - Mitch Marner (Edm)
2 - Steven Stamkos (S.J)
3 - Connor McDavid (Edm)
Power Play
Oilers - 3 on 8 Attempt(s) - 37.50%
Sharks - 1 on 2 Attempt(s) - 50.00%
Penalty Kill
Oilers - 1 on 2 Attempt(s) - 50.00%
- Score 0 goal in Penalty Kill
Sharks - 5 on 8 Attempt(s) - 62.50%
- Score 0 goal in Penalty Kill
Team Stat
Oilers - Hits : 26 - Faceoff Wins : 31 - Blocked Shots : 11 - Penalty Minutes : 4
Sharks - Hits : 24 - Faceoff Wins : 32 - Blocked Shots : 10 - Penalty Minutes : 16
Official
Referees : Dan O'Rourke and Kelly Sutherland
Linesman : Brian Mach and David Brisebois
Game Notes
Jaroslav Halak enters game at 9:43 of 3rd period
Finance
Level 1 -- Attendance: 5646 (94.10%) -- Ticket Income $564,600
Level 2 -- Attendance: 4949 (98.98%) -- Ticket Income $346,430
Level 3 -- Attendance: 1882 (94.10%) -- Ticket Income $75,280
Level 4 -- Attendance: 4000 (100.00%) -- Ticket Income $120,000
Luxury Box -- Attendance: 1000 (100.00%) -- Ticket Income $200,000
Game was played at the SAP Center.
Total Attendance: 17477 (97.09%)
Total Ticket Income: $1,306,310
Other Income: $195,946
Total Income: $1,502,256
Oilers
5 vs 5 Forward
Center Left Wing Right Wing Time % Phy DF OF
1 Tyler Johnson Leon Draisaitl Adam Gaudette 35 1 2 2
2 Connor McDavid Jason Robertson Mitch Marner 30 1 2 2
3 Frederik Gauthier Greg Stewart Andrew Mangiapane 25 1 2 2
4 Noel Acciari Jamie Benn Christian Fischer 10 1 2 2
5 vs 5 Defense
Defense Defense Time % Phy DF OF
1 Jamie McBain Brent Seabrook 40 1 2 2
2 Marcus Pettersson Darnell Nurse 30 1 2 2
3 Brent Burns Brett Lernout 20 1 2 2
4 Darnell Nurse Jamie McBain 10 1 2 2
PowerPlay Forward
Center Left Wing Right Wing Time % Phy DF OF
1 Connor McDavid Jamie Benn Mitch Marner 60 1 2 2
2 Tyler Johnson Leon Draisaitl Adam Gaudette 40 1 2 2
PowerPlay Defense
Defense Defense Time % Phy DF OF
1 Brent Seabrook Marcus Pettersson 60 1 2 2
2 Brent Burns Jamie McBain 40 1 2 2
Penalty Kill 4 Players Forward
Center Wing Time % Phy DF OF
1 Tyler Johnson Leon Draisaitl 60 1 4 0
2 Noel Acciari Greg Stewart 40 1 4 0
Penalty Kill 4 Players Defense
Defense Defense Time % Phy DF OF
1 Darnell Nurse Jamie McBain 60 0 5 0
2 Brent Seabrook Marcus Pettersson 40 0 5 0
Penalty Kill - 3 Players Forward
Forward Time % Phy DF OF
1 Noel Acciari 60 0 5 0
2 Tyler Johnson 40 0 5 0
Penalty Kill - 3 Players Defense
Defense Defense Time % Phy DF OF
1 Darnell Nurse Jamie McBain 60 0 5 0
2 Brent Seabrook Marcus Pettersson 40 0 5 0
4 vs 4 Forward
Center Wing Time % Phy DF OF
1 Connor McDavid Leon Draisaitl 60 1 2 2
2 Tyler Johnson Greg Stewart 40 1 2 2
4 vs 4 Defense
Defense Defense Time % Phy DF OF
1 Darnell Nurse Jamie McBain 60 1 2 2
2 Brent Seabrook Marcus Pettersson 40 1 2 2
Last Minutes Offensive
Center Left Wing Right Wing Defense Defense
Connor McDavid Leon Draisaitl Mitch Marner Darnell Nurse Jamie McBain
Last Minutes Defensive
Center Left Wing Right Wing Defense Defense
Connor McDavid Leon Draisaitl Mitch Marner Darnell Nurse Jamie McBain
Goaltenders
Starting : Carter Hart
Backup : Jaroslav Halak
Extra Forwards
Normal : Greg Stewart, Frederik Gauthier, Jamie Benn - PP : Greg Stewart, Frederik Gauthier - PK : Greg Stewart
Extra Defensemen
Normal : Marcus Pettersson, Brent Burns, Brett Lernout - PP : Marcus Pettersson - PK : Marcus Pettersson, Brent Burns
Penalty Shots
Connor McDavid, Tyler Johnson, Leon Draisaitl, Mitch Marner, Greg Stewart
Custom OT Lines Forwards
Connor McDavid, Tyler Johnson, Leon Draisaitl, Mitch Marner, Greg Stewart, Frederik Gauthier, Jamie Benn, Adam Gaudette, Noel Acciari, Andrew Mangiapane
Custom OT Lines Defensemen
Darnell Nurse, Jamie McBain, Brent Seabrook, Marcus Pettersson, Brent Burns
Scratches
Anton Slepyshev (Healthy), Philippe Myers (Healthy)
Sharks
5 vs 5 Forward
Center Left Wing Right Wing Time % Phy DF OF
1 Steven Stamkos Ronalds Kenins Conor Sheary 40 1 2 2
2 Boone Jenner Zach Parise Wayne Simmonds 30 1 2 2
3 Oscar Sundqvist Andreas Martinsen Beau Bennett 20 1 2 2
4 Brendan Gaunce Jeremy Morin Vince Hinostroza 10 1 2 2
5 vs 5 Defense
Defense Defense Time % Phy DF OF
1 Drew Doughty Mike Lundin 40 1 2 2
2 Markus Nutivaara Connor Murphy 30 1 2 2
3 Logan Stanley MacKenzie Weegar 20 1 2 2
4 Drew Doughty Mike Lundin 10 1 2 2
PowerPlay Forward
Center Left Wing Right Wing Time % Phy DF OF
1 Steven Stamkos Ronalds Kenins Conor Sheary 60 0 2 3
2 Boone Jenner Zach Parise Wayne Simmonds 40 0 2 3
PowerPlay Defense
Defense Defense Time % Phy DF OF
1 Drew Doughty Mike Lundin 60 0 2 3
2 Markus Nutivaara Connor Murphy 40 0 2 3
Penalty Kill 4 Players Forward
Center Wing Time % Phy DF OF
1 Steven Stamkos Ronalds Kenins 60 1 3 1
2 Boone Jenner Zach Parise 40 1 3 1
Penalty Kill 4 Players Defense
Defense Defense Time % Phy DF OF
1 Drew Doughty Mike Lundin 60 1 3 1
2 Markus Nutivaara Connor Murphy 40 1 3 1
Penalty Kill - 3 Players Forward
Forward Time % Phy DF OF
1 Steven Stamkos 60 1 4 0
2 Boone Jenner 40 1 4 0
Penalty Kill - 3 Players Defense
Defense Defense Time % Phy DF OF
1 Drew Doughty Mike Lundin 60 1 4 0
2 Markus Nutivaara Connor Murphy 40 1 4 0
4 vs 4 Forward
Center Wing Time % Phy DF OF
1 Steven Stamkos Ronalds Kenins 60 1 2 2
2 Boone Jenner Zach Parise 40 1 2 2
4 vs 4 Defense
Defense Defense Time % Phy DF OF
1 Drew Doughty Mike Lundin 60 1 2 2
2 Markus Nutivaara Connor Murphy 40 1 2 2
Last Minutes Offensive
Center Left Wing Right Wing Defense Defense
Steven Stamkos Ronalds Kenins Conor Sheary Drew Doughty Mike Lundin
Last Minutes Defensive
Center Left Wing Right Wing Defense Defense
Steven Stamkos Ronalds Kenins Conor Sheary Drew Doughty Mike Lundin
Goaltenders
Starting : Philipp Grubauer
Backup : Malcolm Subban
Extra Forwards
Normal : Zach Parise, Oscar Sundqvist, Wayne Simmonds - PP : Zach Parise, Oscar Sundqvist - PK : Zach Parise
Extra Defensemen
Normal : Connor Murphy, Logan Stanley, MacKenzie Weegar - PP : Connor Murphy - PK : Connor Murphy, Logan Stanley
Penalty Shots
Steven Stamkos, Conor Sheary, Boone Jenner, Ronalds Kenins, Zach Parise
Custom OT Lines Forwards
Steven Stamkos, Conor Sheary, Boone Jenner, Ronalds Kenins, Zach Parise, Oscar Sundqvist, Wayne Simmonds, Brendan Gaunce, Beau Bennett, Andreas Martinsen
Custom OT Lines Defensemen
Drew Doughty, Mike Lundin, Markus Nutivaara, Connor Murphy, Logan Stanley
Scratches
Gustav Nyquist (Healthy), Tyler Myers (Sprained Left Ankle Injury)
% Time on Ice - Oilers
Lines # - Real PCT - Wanted PCT - Time Play
Normal Forward
1 - 32% - 35% - 14:38
2 - 29% - 30% - 13:05
3 - 26% - 25% - 12:04
4 - 13% - 10% - 6:07
Normal Defense
1 - 39% - 40% - 18:01
2 - 32% - 30% - 14:44
3 - 22% - 20% - 10:09
4 - 7% - 10% - 3:00
PP Forward
1 - 59% - 60% - 6:10
2 - 41% - 40% - 4:22
PP Defense
1 - 59% - 60% - 6:12
2 - 41% - 40% - 4:20
PK Forward
1 - 77% - 60% - 1:49
2 - 23% - 40% - 0:32
PK Defense
1 - 89% - 60% - 2:06
2 - 11% - 40% - 0:15
PK3 Forward
1 - 0% - 60%
2 - 0% - 40%
PK3 Defense
1 - 0% - 60%
2 - 0% - 40%
44 Forward
1 - 0% - 60%
2 - 0% - 40%
44 Defense
1 - 0% - 60%
2 - 0% - 40%
Last Minute Offensive - 1:13
Last Minute Defensive - 0:00
Total
Forward - 60:00
Defense - 60:00
|
% Time on Ice - Sharks
Lines # - Real PCT - Wanted PCT - Time Play
Normal Forward
1 - 36% - 40% - 16:41
2 - 26% - 30% - 12:10
3 - 23% - 20% - 10:25
4 - 14% - 10% - 6:39
Normal Defense
1 - 44% - 40% - 20:03
2 - 30% - 30% - 13:46
3 - 22% - 20% - 10:06
4 - 4% - 10% - 2:00
PP Forward
1 - 63% - 60% - 1:29
2 - 37% - 40% - 0:52
PP Defense
1 - 60% - 60% - 1:25
2 - 40% - 40% - 0:56
PK Forward
1 - 72% - 60% - 7:36
2 - 28% - 40% - 2:56
PK Defense
1 - 65% - 60% - 6:51
2 - 35% - 40% - 3:41
PK3 Forward
1 - 0% - 60%
2 - 0% - 40%
PK3 Defense
1 - 0% - 60%
2 - 0% - 40%
44 Forward
1 - 0% - 60%
2 - 0% - 40%
44 Defense
1 - 0% - 60%
2 - 0% - 40%
Last Minute Offensive - 0:00
Last Minute Defensive - 1:12
Total
Forward - 60:00
Defense - 60:00
|
Play-by-Play
1st period
0:01 of 1st period - Leon Draisaitl wins face-off versus Steven Stamkos in neutral zone.
1:19 of 1st period - Snap shot by Jamie McBain.
1:19 of 1st period - Shot Misses the Net.
2:24 of 1st period - Snap shot by Greg Stewart.
2:24 of 1st period - Shot Blocked by Drew Doughty.
2:44 of 1st period - Wrist shot by Christian Fischer.
2:44 of 1st period - Stopped by Philipp Grubauer without a rebound.
2:45 of 1st period - Boone Jenner wins face-off versus Tyler Johnson in Sharks zone.
2:45 of 1st period - Boone Jenner is hit by Leon Draisaitl.
3:43 of 1st period - Snap shot by Andreas Martinsen.
3:43 of 1st period - Goal by Andreas Martinsen - Oilers : 0 - Sharks : 1.
3:44 of 1st period - Tyler Johnson wins face-off versus Steven Stamkos in neutral zone.
4:10 of 1st period - Mike Lundin is hit by Jamie McBain and loses puck.
5:37 of 1st period - Connor Murphy is hit by Jamie McBain and loses puck.
6:00 of 1st period - Snap shot by Frederik Gauthier.
6:00 of 1st period - Deflect By Greg Stewart.
6:00 of 1st period - Shot Misses the Net.
6:00 of 1st period - Puck is out of play.
6:01 of 1st period - Frederik Gauthier wins face-off versus Steven Stamkos in Sharks zone.
6:02 of 1st period - Wrist shot by Andrew Mangiapane.
6:02 of 1st period - Stopped by Philipp Grubauer without a rebound.
6:03 of 1st period - Steven Stamkos wins face-off versus Tyler Johnson in Sharks zone.
6:03 of 1st period - Steven Stamkos is hit by Marcus Pettersson.
6:59 of 1st period - Wrist shot by Andrew Mangiapane.
6:59 of 1st period - Shot Blocked by Connor Murphy.
7:01 of 1st period - Snap shot by Andrew Mangiapane.
7:01 of 1st period - Stopped by Philipp Grubauer with a rebound.
7:03 of 1st period - Snap shot by Frederik Gauthier.
7:03 of 1st period - Shot Blocked by Connor Murphy.
7:33 of 1st period - Adam Gaudette is hit by Conor Sheary and loses puck.
8:26 of 1st period - Frederik Gauthier is hit by MacKenzie Weegar and loses puck.
8:46 of 1st period - Wrist shot by Steven Stamkos.
8:46 of 1st period - Shot Misses the Net.
8:48 of 1st period - Wrist shot by Conor Sheary.
8:48 of 1st period - Stopped by Carter Hart with a rebound.
9:07 of 1st period - Snap shot by Tyler Johnson.
9:07 of 1st period - Stopped by Philipp Grubauer with a rebound.
9:09 of 1st period - Wrist shot by Jamie McBain.
9:09 of 1st period - Stopped by Philipp Grubauer without a rebound.
9:10 of 1st period - Steven Stamkos wins face-off versus Connor McDavid in Sharks zone.
9:37 of 1st period - Wrist shot by Beau Bennett.
9:37 of 1st period - Stopped by Carter Hart with a rebound.
10:08 of 1st period - Snap shot by Beau Bennett.
10:08 of 1st period - Shot Blocked by Greg Stewart.
10:10 of 1st period - Slapshot by MacKenzie Weegar.
10:10 of 1st period - Stopped by Carter Hart with a rebound.
10:14 of 1st period - Snap shot by Andreas Martinsen.
10:14 of 1st period - Stopped by Carter Hart with a rebound.
10:16 of 1st period - Wrist shot by Oscar Sundqvist.
10:16 of 1st period - Stopped by Carter Hart without a rebound.
10:17 of 1st period - Connor McDavid wins face-off versus Steven Stamkos in Oilers zone.
10:24 of 1st period - Steven Stamkos is hit by Jason Robertson and loses puck.
10:28 of 1st period - Icing by Mike Lundin.
10:29 of 1st period - Steven Stamkos wins face-off versus Tyler Johnson in Sharks zone.
10:29 of 1st period - Steven Stamkos is hit by Darnell Nurse.
10:39 of 1st period - Slapshot by Conor Sheary.
10:39 of 1st period - Shot Misses the Net.
10:53 of 1st period - Wrist shot by Steven Stamkos.
10:53 of 1st period - Deflect By Tyler Johnson.
10:53 of 1st period - Stopped by Carter Hart without a rebound.
10:54 of 1st period - Connor McDavid wins face-off versus Boone Jenner in Oilers zone.
10:54 of 1st period - Connor McDavid is hit by Wayne Simmonds.
11:02 of 1st period - Slapshot by Wayne Simmonds.
11:02 of 1st period - Shot Misses the Net.
11:20 of 1st period - Greg Stewart is hit by Connor Murphy and loses puck.
11:50 of 1st period - Snap shot by Leon Draisaitl.
11:50 of 1st period - Shot Misses the Net.
11:52 of 1st period - Snap shot by Tyler Johnson.
11:52 of 1st period - Shot Misses the Net.
12:02 of 1st period - Minor Penalty to Jeremy Morin for Cross-checking.
12:03 of 1st period - Connor McDavid wins face-off versus Steven Stamkos in Sharks zone.
12:06 of 1st period - Wrist shot by Mitch Marner.
12:06 of 1st period - Goal by Mitch Marner - Oilers : 1 - Sharks : 1.
12:07 of 1st period - Tyler Johnson wins face-off versus Boone Jenner in neutral zone.
12:09 of 1st period - Off-side.
12:10 of 1st period - Tyler Johnson wins face-off versus Boone Jenner in neutral zone.
13:05 of 1st period - Minor Penalty to Oscar Sundqvist for Boarding.
13:06 of 1st period - Steven Stamkos wins face-off versus Connor McDavid in Sharks zone.
14:49 of 1st period - Andreas Martinsen is hit by Adam Gaudette and loses puck.
15:00 of 1st period - Jamie Benn is hit by Drew Doughty and loses puck.
15:05 of 1st period - Penalty to Oscar Sundqvist is over, Oscar Sundqvist is back on ice.
15:13 of 1st period - Snap shot by Brendan Gaunce.
15:13 of 1st period - Shot Blocked by Brent Burns.
15:49 of 1st period - Wrist shot by Boone Jenner.
15:49 of 1st period - Stopped by Carter Hart with a rebound.
15:51 of 1st period - Snap shot by Boone Jenner.
15:51 of 1st period - Shot Misses the Net.
16:37 of 1st period - Greg Stewart is hit by Wayne Simmonds and loses puck.
17:23 of 1st period - Off-side.
17:24 of 1st period - Frederik Gauthier wins face-off versus Boone Jenner in neutral zone.
17:37 of 1st period - Wrist shot by Zach Parise.
17:37 of 1st period - Shot Misses the Net.
18:36 of 1st period - Brett Lernout is hit by Drew Doughty and loses puck.
18:41 of 1st period - Snap shot by Wayne Simmonds.
18:41 of 1st period - Shot Misses the Net.
18:43 of 1st period - Wrist shot by Wayne Simmonds.
18:43 of 1st period - Shot Misses the Net.
18:45 of 1st period - Snap shot by Boone Jenner.
18:45 of 1st period - Goal by Boone Jenner - Oilers : 1 - Sharks : 2.
18:46 of 1st period - Steven Stamkos wins face-off versus Tyler Johnson in neutral zone.
18:53 of 1st period - Wrist shot by Steven Stamkos.
18:53 of 1st period - Deflect By Conor Sheary.
18:53 of 1st period - Stopped by Carter Hart without a rebound.
18:54 of 1st period - Tyler Johnson wins face-off versus Conor Sheary in Oilers zone.
18:59 of 1st period - Snap shot by Leon Draisaitl.
18:59 of 1st period - Shot Misses the Net.
19:29 of 1st period - Snap shot by Steven Stamkos.
19:29 of 1st period - Goal by Steven Stamkos - Oilers : 1 - Sharks : 3.
19:30 of 1st period - Boone Jenner wins face-off versus Connor McDavid in neutral zone.
Goals for this period are 1 for Oilers vs 3 for Sharks.
Shots for this period are 6 for Oilers vs 11 for Sharks.
2nd period
0:01 of 2nd period - Connor McDavid wins face-off versus Ronalds Kenins in neutral zone.
0:40 of 2nd period - Minor Penalty to Markus Nutivaara for Interference.
0:41 of 2nd period - Connor McDavid wins face-off versus Steven Stamkos in Sharks zone.
1:38 of 2nd period - Connor Murphy is hit by Mitch Marner and loses puck.
2:40 of 2nd period - Penalty to Markus Nutivaara is over, Markus Nutivaara is back on ice.
3:14 of 2nd period - Marcus Pettersson is hit by Logan Stanley and loses puck.
3:27 of 2nd period - Jason Robertson is hit by Wayne Simmonds.
3:51 of 2nd period - Connor Murphy is hit by Andrew Mangiapane.
4:20 of 2nd period - Markus Nutivaara is hit by Adam Gaudette and loses puck.
4:27 of 2nd period - Tyler Johnson is hit by Oscar Sundqvist and loses puck.
5:01 of 2nd period - Snap shot by Brendan Gaunce.
5:01 of 2nd period - Shot Misses the Net.
5:30 of 2nd period - Adam Gaudette is hit by Oscar Sundqvist and loses puck.
5:48 of 2nd period - Frederik Gauthier is hit by Zach Parise and loses puck.
6:05 of 2nd period - Snap shot by Connor McDavid.
6:05 of 2nd period - Stopped by Philipp Grubauer without a rebound.
6:06 of 2nd period - Conor Sheary wins face-off versus Connor McDavid in Sharks zone.
6:32 of 2nd period - Wrist shot by Tyler Johnson.
6:32 of 2nd period - Deflect By Adam Gaudette.
6:32 of 2nd period - Shot Misses the Net.
6:32 of 2nd period - Puck is out of play.
6:33 of 2nd period - Steven Stamkos wins face-off versus Tyler Johnson in Sharks zone.
6:57 of 2nd period - Icing by Mike Lundin.
6:58 of 2nd period - Steven Stamkos wins face-off versus Connor McDavid in Sharks zone.
7:07 of 2nd period - Snap shot by Boone Jenner.
7:07 of 2nd period - Stopped by Carter Hart without a rebound.
7:08 of 2nd period - Boone Jenner wins face-off versus Tyler Johnson in Oilers zone.
7:19 of 2nd period - Slapshot by Jamie McBain.
7:19 of 2nd period - Stopped by Philipp Grubauer without a rebound.
7:20 of 2nd period - Tyler Johnson wins face-off versus Steven Stamkos in Sharks zone.
7:25 of 2nd period - Snap shot by Leon Draisaitl.
7:25 of 2nd period - Goal by Leon Draisaitl - Oilers : 2 - Sharks : 3.
7:26 of 2nd period - Steven Stamkos wins face-off versus Tyler Johnson in neutral zone.
7:39 of 2nd period - Snap shot by Tyler Johnson.
7:39 of 2nd period - Stopped by Philipp Grubauer with a rebound.
7:41 of 2nd period - Snap shot by Adam Gaudette.
7:41 of 2nd period - Stopped by Philipp Grubauer with a rebound.
7:43 of 2nd period - Wrist shot by Adam Gaudette.
7:43 of 2nd period - Shot Blocked by Steven Stamkos.
8:24 of 2nd period - Backhand shot by Brent Seabrook.
8:24 of 2nd period - Shot Blocked by Markus Nutivaara.
8:38 of 2nd period - Markus Nutivaara is hit by Jamie McBain and loses puck.
9:34 of 2nd period - Wrist shot by Boone Jenner.
9:34 of 2nd period - Shot Blocked by Darnell Nurse.
9:52 of 2nd period - Slapshot by Beau Bennett.
9:52 of 2nd period - Deflect By Andreas Martinsen.
9:52 of 2nd period - Stopped by Carter Hart without a rebound.
9:53 of 2nd period - Frederik Gauthier wins face-off versus Steven Stamkos in Oilers zone.
10:04 of 2nd period - Snap shot by Greg Stewart.
10:04 of 2nd period - Shot Blocked by Mike Lundin.
10:06 of 2nd period - Slapshot by Brent Burns.
10:06 of 2nd period - Shot Misses the Net.
10:36 of 2nd period - Wrist shot by Tyler Johnson.
10:36 of 2nd period - Stopped by Philipp Grubauer with a rebound.
10:54 of 2nd period - Wrist shot by Beau Bennett.
10:54 of 2nd period - Deflect By Oscar Sundqvist.
10:54 of 2nd period - Shot Misses the Net.
10:54 of 2nd period - Puck is out of play.
10:55 of 2nd period - Frederik Gauthier wins face-off versus Steven Stamkos in Oilers zone.
11:48 of 2nd period - Wrist shot by Frederik Gauthier.
11:48 of 2nd period - Shot Misses the Net.
11:50 of 2nd period - Slapshot by Darnell Nurse.
11:50 of 2nd period - Stopped by Philipp Grubauer without a rebound.
11:51 of 2nd period - Steven Stamkos wins face-off versus Tyler Johnson in Sharks zone.
11:53 of 2nd period - Minor Penalty to Ronalds Kenins for Kneeing.
11:54 of 2nd period - Connor McDavid wins face-off versus Steven Stamkos in Sharks zone.
12:04 of 2nd period - Wrist shot by Connor McDavid.
12:04 of 2nd period - Stopped by Philipp Grubauer without a rebound.
12:05 of 2nd period - Steven Stamkos wins face-off versus Connor McDavid in Sharks zone.
12:10 of 2nd period - Wrist shot by Connor McDavid.
12:10 of 2nd period - Shot Misses the Net.
12:12 of 2nd period - Snap shot by Connor McDavid.
12:12 of 2nd period - Shot Misses the Net.
12:14 of 2nd period - Slapshot by Jamie Benn.
12:14 of 2nd period - Deflect By Mitch Marner.
12:14 of 2nd period - Goal by Mitch Marner - Oilers : 3 - Sharks : 3.
12:15 of 2nd period - Steven Stamkos wins face-off versus Tyler Johnson in neutral zone.
13:00 of 2nd period - Icing by Drew Doughty.
13:01 of 2nd period - Oscar Sundqvist wins face-off versus Frederik Gauthier in Sharks zone.
13:36 of 2nd period - Snap shot by Tyler Johnson.
13:36 of 2nd period - Stopped by Philipp Grubauer without a rebound.
13:37 of 2nd period - Boone Jenner wins face-off versus Tyler Johnson in Sharks zone.
13:46 of 2nd period - Slapshot by Tyler Johnson.
13:46 of 2nd period - Shot Blocked by Boone Jenner.
13:48 of 2nd period - Slapshot by Leon Draisaitl.
13:48 of 2nd period - Shot Misses the Net.
13:52 of 2nd period - Wrist shot by Leon Draisaitl.
13:52 of 2nd period - Shot Misses the Net.
13:54 of 2nd period - Snap shot by Jamie McBain.
13:54 of 2nd period - Deflect By Tyler Johnson.
13:54 of 2nd period - Stopped by Philipp Grubauer with a rebound.
14:04 of 2nd period - Jamie McBain is hit by Connor Murphy and loses puck.
14:34 of 2nd period - Andrew Mangiapane is hit by Oscar Sundqvist and loses puck.
15:10 of 2nd period - Minor Penalty to Boone Jenner for High sticking.
15:11 of 2nd period - Steven Stamkos wins face-off versus Connor McDavid in Sharks zone.
15:20 of 2nd period - Slapshot by Marcus Pettersson.
15:20 of 2nd period - Shot Misses the Net.
15:26 of 2nd period - Snap shot by Mitch Marner.
15:26 of 2nd period - Shot Misses the Net.
15:28 of 2nd period - Slapshot by Connor McDavid.
15:28 of 2nd period - Shot Blocked by Steven Stamkos.
16:10 of 2nd period - Markus Nutivaara is hit by Mitch Marner and loses puck.
16:39 of 2nd period - Drew Doughty is hit by Mitch Marner and loses puck.
17:10 of 2nd period - Penalty to Boone Jenner is over, Boone Jenner is back on ice.
17:27 of 2nd period - Connor Murphy is hit by Andrew Mangiapane and loses puck.
18:41 of 2nd period - Steven Stamkos is hit by Brent Seabrook and loses puck.
18:56 of 2nd period - Wrist shot by Brendan Gaunce.
18:56 of 2nd period - Shot Blocked by Connor McDavid.
19:51 of 2nd period - Vince Hinostroza is hit by Greg Stewart.
19:55 of 2nd period - Vince Hinostroza is hit by Andrew Mangiapane and loses puck.
Goals for this period are 2 for Oilers vs 0 for Sharks.
Shots for this period are 11 for Oilers vs 2 for Sharks.
3rd period
0:01 of 3rd period - Tyler Johnson wins face-off versus Steven Stamkos in neutral zone.
1:11 of 3rd period - Slapshot by Noel Acciari.
1:11 of 3rd period - Shot Blocked by Markus Nutivaara.
1:13 of 3rd period - Backhand shot by Darnell Nurse.
1:13 of 3rd period - Stopped by Philipp Grubauer without a rebound.
1:14 of 3rd period - Steven Stamkos wins face-off versus Noel Acciari in Sharks zone.
1:14 of 3rd period - Steven Stamkos is hit by Noel Acciari.
1:17 of 3rd period - Minor Penalty to Conor Sheary for Tripping.
1:18 of 3rd period - Steven Stamkos wins face-off versus Connor McDavid in Sharks zone.
1:29 of 3rd period - Off-side.
1:30 of 3rd period - Connor McDavid wins face-off versus Steven Stamkos in neutral zone.
1:33 of 3rd period - Ronalds Kenins is hit by Jamie Benn and loses puck.
1:38 of 3rd period - Snap shot by Connor McDavid.
1:38 of 3rd period - Stopped by Philipp Grubauer with a rebound.
3:04 of 3rd period - Ronalds Kenins is hit by Jamie McBain and loses puck.
3:15 of 3rd period - Jamie McBain is hit by Connor Murphy and loses puck.
3:17 of 3rd period - Penalty to Conor Sheary is over, Conor Sheary is back on ice.
3:36 of 3rd period - Slapshot by Jamie McBain.
3:36 of 3rd period - Shot Misses the Net.
3:38 of 3rd period - Snap shot by Frederik Gauthier.
3:38 of 3rd period - Shot Misses the Net.
3:40 of 3rd period - Snap shot by Frederik Gauthier.
3:40 of 3rd period - Stopped by Philipp Grubauer with a rebound.
4:00 of 3rd period - Slapshot by Markus Nutivaara.
4:00 of 3rd period - Stopped by Carter Hart without a rebound.
4:01 of 3rd period - Oscar Sundqvist wins face-off versus Tyler Johnson in Oilers zone.
4:04 of 3rd period - Slapshot by Andreas Martinsen.
4:04 of 3rd period - Shot Misses the Net.
4:08 of 3rd period - Slapshot by Andreas Martinsen.
4:08 of 3rd period - Stopped by Carter Hart with a rebound.
4:10 of 3rd period - Slapshot by Drew Doughty.
4:10 of 3rd period - Stopped by Carter Hart with a rebound.
4:12 of 3rd period - Slapshot by Beau Bennett.
4:12 of 3rd period - Goal by Beau Bennett - Oilers : 3 - Sharks : 4.
4:13 of 3rd period - Connor McDavid wins face-off versus Steven Stamkos in neutral zone.
4:22 of 3rd period - Wrist shot by Mitch Marner.
4:22 of 3rd period - Stopped by Philipp Grubauer with a rebound.
4:24 of 3rd period - Snap shot by Mitch Marner.
4:24 of 3rd period - Shot Misses the Net.
4:40 of 3rd period - Mike Lundin is hit by Tyler Johnson and loses puck.
5:02 of 3rd period - Off-side.
5:03 of 3rd period - Frederik Gauthier wins face-off versus Oscar Sundqvist in neutral zone.
5:18 of 3rd period - Snap shot by Beau Bennett.
5:18 of 3rd period - Shot Misses the Net.
5:20 of 3rd period - Snap shot by Beau Bennett.
5:20 of 3rd period - Shot Misses the Net.
5:24 of 3rd period - Slapshot by Beau Bennett.
5:24 of 3rd period - Shot Misses the Net.
5:26 of 3rd period - Slapshot by Andreas Martinsen.
5:26 of 3rd period - Deflect By Beau Bennett.
5:26 of 3rd period - Shot Blocked by Jamie McBain.
5:26 of 3rd period - Puck is out of play.
5:27 of 3rd period - Steven Stamkos wins face-off versus Tyler Johnson in Oilers zone.
5:42 of 3rd period - Backhand shot by Ronalds Kenins.
5:42 of 3rd period - Shot Blocked by Darnell Nurse.
5:44 of 3rd period - Wrist shot by Drew Doughty.
5:44 of 3rd period - Stopped by Carter Hart without a rebound.
5:45 of 3rd period - Jason Robertson wins face-off versus Boone Jenner in Oilers zone.
5:45 of 3rd period - Jason Robertson is hit by Zach Parise.
5:50 of 3rd period - Off-side.
5:51 of 3rd period - Boone Jenner wins face-off versus Connor McDavid in neutral zone.
5:54 of 3rd period - Jamie McBain is hit by Wayne Simmonds and loses puck.
6:08 of 3rd period - Minor Penalty to Mike Lundin for Elbowing.
6:09 of 3rd period - Mitch Marner wins face-off versus Steven Stamkos in Sharks zone.
6:17 of 3rd period - Wrist shot by Connor McDavid.
6:17 of 3rd period - Shot Misses the Net.
6:35 of 3rd period - Brent Seabrook is hit by Boone Jenner and loses puck.
8:08 of 3rd period - Penalty to Mike Lundin is over, Mike Lundin is back on ice.
8:12 of 3rd period - Wrist shot by Brendan Gaunce.
8:12 of 3rd period - Shot Blocked by Frederik Gauthier.
8:25 of 3rd period - Jamie McBain is hit by Mike Lundin and loses puck.
8:32 of 3rd period - Frederik Gauthier is hit by Mike Lundin.
8:53 of 3rd period - Connor McDavid is hit by Brendan Gaunce and loses puck.
9:04 of 3rd period - Vince Hinostroza is hit by Connor McDavid.
9:21 of 3rd period - Minor Penalty to Brett Lernout for Holding Stick.
9:22 of 3rd period - Tyler Johnson wins face-off versus Steven Stamkos in Oilers zone.
9:35 of 3rd period - Snap shot by Ronalds Kenins.
9:35 of 3rd period - Stopped by Carter Hart with a rebound.
9:37 of 3rd period - Snap shot by Conor Sheary.
9:37 of 3rd period - Deflect By Ronalds Kenins.
9:37 of 3rd period - Shot Misses the Net.
9:37 of 3rd period - Puck is out of play.
9:38 of 3rd period - Steven Stamkos wins face-off versus Tyler Johnson in Oilers zone.
9:43 of 3rd period - Wrist shot by Steven Stamkos.
9:43 of 3rd period - Goal by Steven Stamkos - Oilers : 3 - Sharks : 5.
9:43 of 3rd period - Jaroslav Halak enters game.
9:44 of 3rd period - Tyler Johnson wins face-off versus Steven Stamkos in neutral zone.
9:54 of 3rd period - Off-side.
9:55 of 3rd period - Steven Stamkos wins face-off versus Tyler Johnson in neutral zone.
10:06 of 3rd period - Drew Doughty is hit by Tyler Johnson and loses puck.
10:17 of 3rd period - Minor Penalty to Mike Lundin for Slashing.
10:18 of 3rd period - Connor McDavid wins face-off versus Steven Stamkos in Sharks zone.
10:29 of 3rd period - Snap shot by Connor McDavid.
10:29 of 3rd period - Goal by Connor McDavid - Oilers : 4 - Sharks : 5.
10:30 of 3rd period - Conor Sheary wins face-off versus Tyler Johnson in neutral zone.
10:57 of 3rd period - Connor McDavid is hit by Wayne Simmonds and loses puck.
11:02 of 3rd period - Snap shot by Zach Parise.
11:02 of 3rd period - Stopped by Jaroslav Halak without a rebound.
11:03 of 3rd period - Connor McDavid wins face-off versus Boone Jenner in Oilers zone.
11:08 of 3rd period - Boone Jenner is hit by Connor McDavid and loses puck.
11:25 of 3rd period - Snap shot by Wayne Simmonds.
11:25 of 3rd period - Shot Blocked by Connor McDavid.
11:27 of 3rd period - Wrist shot by Zach Parise.
11:27 of 3rd period - Shot Blocked by Mitch Marner.
11:29 of 3rd period - Snap shot by Wayne Simmonds.
11:29 of 3rd period - Shot Blocked by Brent Burns.
11:31 of 3rd period - Wrist shot by Wayne Simmonds.
11:31 of 3rd period - Deflect By Brent Burns.
11:31 of 3rd period - Shot Misses the Net.
11:31 of 3rd period - Puck is out of play.
11:32 of 3rd period - Steven Stamkos wins face-off versus Tyler Johnson in Oilers zone.
11:35 of 3rd period - Snap shot by Conor Sheary.
11:35 of 3rd period - Stopped by Jaroslav Halak with a rebound.
12:48 of 3rd period - Slapshot by Connor McDavid.
12:48 of 3rd period - Shot Misses the Net.
12:50 of 3rd period - Slapshot by Darnell Nurse.
12:50 of 3rd period - Shot Blocked by MacKenzie Weegar.
12:52 of 3rd period - Wrist shot by Mitch Marner.
12:52 of 3rd period - Stopped by Philipp Grubauer with a rebound.
12:54 of 3rd period - Slapshot by Marcus Pettersson.
12:54 of 3rd period - Stopped by Philipp Grubauer with a rebound.
13:18 of 3rd period - Snap shot by Steven Stamkos.
13:18 of 3rd period - Stopped by Jaroslav Halak without a rebound.
13:19 of 3rd period - Connor McDavid wins face-off versus Boone Jenner in Oilers zone.
13:33 of 3rd period - Icing by Brett Lernout.
13:34 of 3rd period - Connor McDavid wins face-off versus Conor Sheary in Oilers zone.
14:32 of 3rd period - Minor Penalty to Greg Stewart for Interference.
14:33 of 3rd period - Tyler Johnson wins face-off versus Steven Stamkos in Oilers zone.
14:43 of 3rd period - Snap shot by Leon Draisaitl.
14:43 of 3rd period - Stopped by Philipp Grubauer with a rebound.
14:45 of 3rd period - Wrist shot by Tyler Johnson.
14:45 of 3rd period - Stopped by Philipp Grubauer with a rebound.
14:47 of 3rd period - Snap shot by Tyler Johnson.
14:47 of 3rd period - Shot Misses the Net.
14:49 of 3rd period - Snap shot by Leon Draisaitl.
14:49 of 3rd period - Stopped by Philipp Grubauer with a rebound.
15:26 of 3rd period - Icing by Boone Jenner.
15:27 of 3rd period - Boone Jenner wins face-off versus Noel Acciari in Sharks zone.
15:36 of 3rd period - Slapshot by Mike Lundin.
15:36 of 3rd period - Deflect By Boone Jenner.
15:36 of 3rd period - Shot Misses the Net.
15:36 of 3rd period - Puck is out of play.
15:37 of 3rd period - Tyler Johnson wins face-off versus Steven Stamkos in Oilers zone.
15:48 of 3rd period - Slapshot by Steven Stamkos.
15:48 of 3rd period - Deflect By Ronalds Kenins.
15:48 of 3rd period - Shot Blocked by Leon Draisaitl.
15:48 of 3rd period - Puck is out of play.
15:49 of 3rd period - Tyler Johnson wins face-off versus Steven Stamkos in Oilers zone.
15:58 of 3rd period - Snap shot by Tyler Johnson.
15:58 of 3rd period - Shot Misses the Net.
16:22 of 3rd period - Snap shot by Drew Doughty.
16:22 of 3rd period - Stopped by Jaroslav Halak with a rebound.
16:24 of 3rd period - Snap shot by Wayne Simmonds.
16:24 of 3rd period - Shot Misses the Net.
16:26 of 3rd period - Slapshot by Zach Parise.
16:26 of 3rd period - Shot Misses the Net.
16:32 of 3rd period - Penalty to Greg Stewart is over, Greg Stewart is back on ice.
17:14 of 3rd period - Snap shot by Leon Draisaitl.
17:14 of 3rd period - Deflect By Markus Nutivaara.
17:14 of 3rd period - Shot Misses the Net.
17:14 of 3rd period - Puck is out of play.
17:15 of 3rd period - Steven Stamkos wins face-off versus Jason Robertson in Sharks zone.
17:15 of 3rd period - Drew Doughty is hit by Connor McDavid and loses puck.
17:57 of 3rd period - Icing by Andreas Martinsen.
17:58 of 3rd period - Oscar Sundqvist wins face-off versus Frederik Gauthier in Sharks zone.
18:09 of 3rd period - Greg Stewart is hit by Andreas Martinsen and loses puck.
18:26 of 3rd period - Slapshot by Mitch Marner.
18:26 of 3rd period - Deflect By Jason Robertson.
18:26 of 3rd period - Shot Misses the Net.
18:26 of 3rd period - Puck is out of play.
18:27 of 3rd period - Ronalds Kenins wins face-off versus Jason Robertson in Sharks zone.
18:27 of 3rd period - Ronalds Kenins is hit by Jason Robertson.
19:00 of 3rd period - Oilers, Jaroslav Halak is pulled from the net.
19:34 of 3rd period - Backhand shot by Jamie McBain.
19:34 of 3rd period - Stopped by Philipp Grubauer without a rebound.
19:35 of 3rd period - Jay Woodcroft call a timeout for Oilers.
19:35 of 3rd period - Steven Stamkos wins face-off versus Mitch Marner in Sharks zone.
19:44 of 3rd period - Jamie McBain is hit by Ronalds Kenins and loses puck.
Goals for this period are 1 for Oilers vs 2 for Sharks.
Shots for this period are 11 for Oilers vs 11 for Sharks.